 Dungeon Crawl Stone Soup version 0.24.0-37-gcf1ca852f1 (webtiles) character file.

Game seed: 12083165247478454823, levelgen mode: deterministic

647 Amplified the Digger (level 7, 0/46 HPs)
             Began as an Octopode Earth Elementalist on Nov 26, 2019.
             Was an Initiate of Vehumet.
             Splashed by an oklob sapling's acid (16 damage)
             ... on level 4 of the Dungeon.
             The game lasted 00:07:47 (4071 turns).

Amplified the Digger (Octopode Earth Elementalist)  Turns: 4071, Time: 00:07:47

Health: 0/46       AC: -3    Str:  8    XL:     7   Next: 52%
Magic:  12/12      EV: 13    Int: 19    God:    Vehumet [......]
Gold:   155        SH:  0    Dex: 12    Spells: 3/13 levels left

rFire    + . .     SeeInvis .   e - +1 mace (protect)
rCold    . . .     Gourm    .   (no shield)
rNeg     . . .     Faith    .   (helmet restricted)
rPois    .         Spirit   .   (no amulet)
rElec    .         Reflect  .   a - ring of protection from fire
rCorr    .         Harm     .   d - ring of stealth
MR       .....                  (no ring)
Stlth    ++++......             (no ring)
HPRegen  0.15/turn              (no ring)
MPRegen  0.13/turn              (no ring)
                                (no ring)
                                (no ring)

@: about to teleport, corroded
A: almost no armour, stealthy swim, amphibious, 8 rings, constrict 8, camouflage
1, gelatinous body 1
a: Renounce Religion


You were on level 4 of the Dungeon.
You worshipped Vehumet.
Vehumet was noncommittal.
You were not hungry.

You visited 2 branches of the dungeon, and saw 5 of its levels.
You also visited: Sewer.

You collected 155 gold pieces.

Inventory:

Hand Weapons
 e - a +1 mace of protection (weapon)
 o - a +1 flail of holy wrath
Missiles
 b - 134 stones
 j - 24 poisoned darts (quivered)
Armour
 g - a +0 buckler
Jewellery
 a - a ring of protection from fire (left tentacle)
 d - a ring of stealth (right tentacle)
Scrolls
 l - a scroll of remove curse
 q - a scroll of teleportation
Potions
 f - a potion of heal wounds
 h - a potion of curing
 i - 5 potions of magic
 m - a potion of haste
 n - 3 potions of flight
 p - a potion of ambrosia {unknown}
Comestibles
 c - 6 rations


   Skills:
 + Level 3.1 Fighting
 - Level 2.0 Dodging
 - Level 2.6 Stealth
 + Level 3.5 Spellcasting
 - Level 3.8 Conjurations
 * Level 1.2 Transmutations
 * Level 5.6 Earth Magic


You had 3 spell levels left.
You knew the following spells:

 Your Spells              Type           Power        Failure   Level  Hunger
a - Sandblast             Erth           ###...       1%          1    None
b - Passwall              Tmut/Erth      ###.....     5%          2    ##.....
c - Stone Arrow           Conj/Erth      ###...       6%          3    ###....
d - Petrify               Tmut/Erth      ###.....     34%         4    ####...

Your spell library contained the following spells:

 Spells                   Type           Power        Failure   Level  Hunger
 Lee's Rapid Deconstruct  Erth           ###.......   38%         5    ######.


Dungeon Overview and Level Annotations

Branches:
Dungeon (4/15)             Temple (1/1) D:4           Sewer (visited)

Altars:
Ashenzari
Cheibriados
Elyvilon
Fedhas
Hepliaklqana
Kikubaaqudgha
Okawaru
Qazlal
Ru
Sif Muna
Trog
Vehumet
Yredelemnul
Zin

Annotations:
D:4 exclusion: oklob sapling
Temple Best Pod


Innate Abilities, Weirdness & Mutations

You cannot wear most types of armour.
You are very stealthy in the water. (Stealth+)
You are amphibious.
You can wear up to eight rings at the same time.
You can use your tentacles to constrict eight enemies at once.
Your skin changes colour to match your surroundings (Stealth+).
Your rubbery body absorbs attacks. (AC +1, EV +1)


Message History

There is a staircase back to the Dungeon here.
This staircase leads to a travel-excluded area!
Enter next level anyway?
You climb upwards.
Welcome back to the Dungeon!
Level annotation: exclusion: oklob sapling The oklob sapling spits acid at you.
The splash of acid hits you!
You are splashed with acid!
There is a staircase to the Ecumenical Temple here.
Unknown command.
Okay, then.
Okay, then.
You feel much better. The oklob sapling spits acid at you.
The splash of acid hits you!
You are splashed with acid!
Unknown command.
As you read the scroll of teleportation, it crumbles to dust.
You feel strangely unstable. The oklob sapling spits acid at you.
The splash of acid hits you. The acid corrodes you!
You are splashed with acid!
You die...

#.##.#.......##.........## ###
#.##.#......###..##..###.## #
#.##.##.##.......##.## ##.# #
#.......########.##.# #.# #
####.#### ######.##.## ##.# #
#.# ##P..PP..##.###.## # #.#
#..PPP.P.......####### ###.#
#.PP.PPPP####.###..... #...#
#..P.@PPP# #[#....... #>###
#..PP..P.## #.#.#..... #.#
#.P.PPP.P.# #.#)####.# #.#
####....P...###........# #.#
#.....#...........####.# #.#
#.###.#...###....#####.#
#.#####.###.##### #.##.##.....
#....).........# #.##.##.##..
#######.###.##.####.##.##.##.#


You could see an oklob sapling.

Vanquished Creatures
  Sigmund (D:3)
  Duvessa (D:4)
  Dowan (D:4)
  A scorpion (D:4)
  A crimson imp (D:3)
  A hound (D:4)
  2 iguanas
  2 hound skeletons (D:4)
  Robin (D:2)
  4 adders
  An ooze (D:1)
  2 dart slugs (D:1)
  2 leopard geckos
  8 orcs
  8 giant cockroaches
  7 goblins
  11 hobgoblins
  A quokka (D:4)
  A ball python (Sewer)
  3 bats
  7 frilled lizards
  12 kobolds
  22 rats
  A plant (D:4)
101 creatures vanquished.

Notes
Turn   | Place    | Note
-------+----------+-------------------------------------------
     0 | D:1      | Amplified the Octopode Earth Elementalist began the quest
                  | for the Orb.
     0 | D:1      | Reached XP level 1. HP: 11/11 MP: 3/3
   373 | D:1      | Reached XP level 2. HP: 18/18 MP: 3/5
   543 | D:1      | Reached skill level 1 in Fighting
   633 | D:1      | Reached XP level 3. HP: 21/23 MP: 6/6
   919 | D:2      | Learned a level 2 spell: Passwall
   923 | D:2      | Learned a level 3 spell: Stone Arrow
  1487 | D:2      | Reached XP level 4. HP: 14/28 MP: 7/7
  1757 | D:2      | Noticed Robin
  1827 | D:2      | Killed Robin
  1827 | D:2      | Reached skill level 1 in Conjurations
  1827 | D:2      | Reached skill level 4 in Earth Magic
  2088 | D:3      | Reached XP level 5. HP: 20/34 MP: 7/9
  2118 | D:3      | Noticed Sigmund
  2260 | D:3      | Killed Sigmund
  2260 | D:3      | Reached XP level 6. HP: 41/41 MP: 2/10
  2294 | D:3      | Found a glowing drain.
  2351 | Sewer    | Entered a sewer
  2392 | Sewer    | Noticed Purgy
  2594 | D:3      | Found a shattered altar of Ashenzari.
  2943 | D:4      | Noticed Duvessa
  2944 | D:4      | Noticed Dowan
  2956 | D:4      | Killed Duvessa
  2956 | D:4      | Reached skill level 5 in Earth Magic
  2956 | D:4      | Reached XP level 7. HP: 36/45 MP: 1/11
  2974 | D:4      | Killed Dowan
  3005 | D:4      | Found a staircase to the Ecumenical Temple.
  3350 | D:4      | Learned a level 4 spell: Petrify
  3818 | Temple   | Entered the Ecumenical Temple
  4046 | Temple   | Became a worshipper of Vehumet
  4071 | D:4      | Splashed by an oklob sapling's acid

Levels and vault maps discovered:
D:1:      erik_arrival_orb_chamber, layout_basic
D:2:      layout_basic, uniq_robin
D:3:      layout_loops_ring, gup_sewer_entry_glass, cheibrodos_ashenzari_chains,
          uniq_sigmund
D:4:      layout_loops_cross, minmay_temple_entry_oklob, uniq_duvessa
Temple:   jpeg_temple_clearing

Skill      XL: |  1  2  3  4  5  6  7 |
---------------+----------------------+-----
Fighting       | 1 2 3 |  3.1
Conjurations   | 1 2 3 |  3.8
Earth Magic    | 4 5 |  5.6
Spellcasting   | 3 |  3.5
Dodging        | |  2.0
Stealth        | |  2.6
Transmutations | |  1.2

Action                   |  1- 3 |  4- 6 |  7- 9 || total
-------------------------+-------+-------+-------++-------
Melee: Mace              |    80 |   116 |    53 ||   249
       Tentacles         |    12 |     7 |    10 ||    29
       Constrict         |    21 |    26 |     8 ||    55
Throw: Stone             |       |     1 |       ||     1
       Dart              |       |    14 |     2 ||    16
 Cast: Sandblast         |    16 |     5 |       ||    21
       Stone Arrow       |       |     9 |     3 ||    12
  Use: Potion            |     2 |     2 |     7 ||    11
       Scroll            |     5 |     6 |     2 ||    13
 Stab: Sleeping          |    10 |    11 |     3 ||    24
       Distracted        |       |     1 |     1 ||     2
  Eat: Chunk             |     2 |     2 |     2 ||     6
       Ration            |       |     1 |     1 ||     2
Armor: Skin              |    22 |    31 |    12 ||    65
Dodge: Dodged            |    44 |    96 |    32 ||   172
